[Event "DFMMLV 2019"]
[Site "Braunfels"]
[Date "2019.06.21"]
[Round "2.34"]
[White "Mucha, Annegret"]
[Black "Todorova, Kalina"]
[Result "1-0"]
[ECO "A00"]
[WhiteElo "2050"]
[BlackElo "1796"]
[Annotator "NA RC"]
[PlyCount "71"]
[EventDate "2019.06.20"]
[EventType "team-tourn"]
[EventCountry "GER"]
[SourceTitle "playchess.com"]
[Source "ChessBase"]
[SourceQuality "1"]
[WhiteTeam "Thueringen"]
[BlackTeam "Bayern 2"]
[TimeControl "40/5400+30:1800+30"]

1. Nc3 e6 2. e4 c5 3. f4 d6 4. Nf3 Nc6 5. Bb5 Bd7 6. a4 a6 7. Bc4 Qc7 8. d3 Nf6 9. O-O Be7 10. Qe1 Nb4 11. Bb3 O-O-O 12. e5 Nfd5 13. Ne4 f6 14. exd6 Bxd6 15. Nxd6+ Qxd6 16. Nd2 Rhe8 17. Ne4 Qc7 18. Qg3 f5 19. Ng5 Re7 20. Nxh7 Nf6 21. Ng5 Nbd5 22. Bd2 Bc6 23. Bxd5 Nxd5 24. Rae1 Qb6 25. Nxe6 Rde8 26. Nxg7 Rxe1 27. Rxe1 Rg8 28. Qg6 Qd8 29. Qxf5+ Kb8 30. Qe5+ Ka7 31. g3 Qb6 32. c4 Nb4 33. Bxb4 Qxb4 34. Ne6 Re8 35. Kf2 Bd7 36. Qxc5+ 1-0

[Event "DFMMLV 2019"]
[Site "Braunfels"]
[Date "2019.06.21"]
[Round "2.35"]
[White "Alsheimer, Lea"]
[Black "Skibbe, Diana"]
[Result "0-1"]
[ECO "A80"]
[WhiteElo "1707"]
[BlackElo "1986"]
[Annotator "NA RC"]
[PlyCount "60"]
[EventDate "2019.06.20"]
[EventType "team-tourn"]
[EventCountry "GER"]
[SourceTitle "playchess.com"]
[Source "ChessBase"]
[SourceQuality "1"]
[WhiteTeam "Bayern 2"]
[BlackTeam "Thueringen"]
[TimeControl "40/5400+30:1800+30"]

1. d4 f5 2. Bg5 h6 3. Bh4 g5 4. Bg3 Nf6 5. Be5 Bg7 6. e3 d6 7. Bxf6 Bxf6 8. Qh5+ Kf8 9. Nc3 c6 10. Bd3 Bd7 11. h3 Kg7 12. Nge2 e6 13. Ng3 Be8 14. Qf3 h5 15. Bxf5 exf5 16. Nxf5+ Kh7 17. Nxd6 Bg6 18. Nce4 Rf8 19. Nxb7 Qe7 20. Nbc5 Bg7 21. Nxg5+ Qxg5 22. Qe2 Qxg2 23. Rf1 Qxh3 24. O-O-O Nd7 25. Rh1 Qf5 26. e4 Qf4+ 27. Kb1 Nxc5 28. Rxh5+ Bxh5 29. Qxh5+ Bh6 30. dxc5 Rad8 0-1

[Event "DFMMLV 2019"]
[Site "Braunfels"]
[Date "2019.06.21"]
[Round "2.36"]
[White "Jacke, Corinna"]
[Black "Pavlov, Liliane"]
[Result "1/2-1/2"]
[ECO "B90"]
[WhiteElo "2001"]
[BlackElo "1619"]
[Annotator "NA RC"]
[PlyCount "49"]
[EventDate "2019.06.20"]
[EventType "team-tourn"]
[EventCountry "GER"]
[SourceTitle "playchess.com"]
[Source "ChessBase"]
[SourceQuality "1"]
[WhiteTeam "Thueringen"]
[BlackTeam "Bayern 2"]
[TimeControl "40/5400+30:1800+30"]

1. e4 c5 2. Nf3 d6 3. d4 cxd4 4. Nxd4 Nf6 5. Nc3 a6 6. a4 e5 7. Nde2 Be7 8. g3 Be6 9. Bg2 Nc6 10. O-O O-O 11. h3 Qd7 12. Kh2 Rac8 13. Nd5 Bd8 14. c3 Na5 15. b3 b5 16. axb5 Qxb5 17. Nxf6+ Bxf6 18. c4 Qb6 19. Be3 Qc7 20. Qd3 Rb8 21. Rfb1 Nxb3 22. Rxa6 Qxc4 23. Rxd6 Be7 24. Qxc4 Bxc4 25. Rd7 1/2-1/2

[Event "DFMMLV 2019"]
[Site "Braunfels"]
[Date "2019.06.21"]
[Round "2.37"]
[White "Schaefer, Ann-Kathrin"]
[Black "Dietrich, Mareike"]
[Result "0-1"]
[ECO "B23"]
[WhiteElo "1714"]
[BlackElo "1706"]
[Annotator "NA RC"]
[PlyCount "68"]
[EventDate "2019.06.20"]
[EventType "team-tourn"]
[EventCountry "GER"]
[SourceTitle "playchess.com"]
[Source "ChessBase"]
[SourceQuality "1"]
[WhiteTeam "Bayern 2"]
[BlackTeam "Thueringen"]
[TimeControl "40/5400+30:1800+30"]

1. e4 c5 2. Nc3 a6 3. f4 b5 4. Nf3 Bb7 5. d3 e6 6. Be2 b4 7. Nb1 d5 8. Nbd2 Nf6 9. e5 Ng4 10. Nf1 Nc6 11. h3 Nh6 12. g4 Be7 13. Be3 Rc8 14. Ng3 Ng8 15. f5 d4 16. Bf4 g5 17. Bd2 Nxe5 18. Nxe5 Bxh1 19. Nxh1 Qd5 20. Nf3 exf5 21. gxf5 Qxf5 22. Nf2 h5 23. Nh2 Bd6 24. Nf3 g4 25. Ne4 Be7 26. Nfg5 f6 27. hxg4 hxg4 28. Ng3 Qe5 29. N5e4 f5 30. Nxf5 Rh1+ 31. Bf1 Qxf5 32. Qe2 Bh4+ 33. Nf2+ Kd7 34. O-O-O Bxf2 0-1

[Event "DFMMLV 2019"]
[Site "Braunfels"]
[Date "2019.06.21"]
[Round "2.38"]
[White "Schulz, Theresa Charlotte"]
[Black "Albayrak, Nese Pinar"]
[Result "1-0"]
[ECO "C44"]
[WhiteElo "1603"]
[BlackElo "1530"]
[Annotator "NA RC"]
[PlyCount "49"]
[EventDate "2019.06.20"]
[EventType "team-tourn"]
[EventCountry "GER"]
[SourceTitle "playchess.com"]
[Source "ChessBase"]
[SourceQuality "1"]
[WhiteTeam "Thueringen"]
[BlackTeam "Bayern 2"]
[TimeControl "40/5400+30:1800+30"]

1. e4 e5 2. Nf3 Nc6 3. d4 exd4 4. Bc4 Nf6 5. e5 d5 6. Bb5 Nd7 7. O-O Bc5 8. Bg5 Be7 9. Bxc6 Bxg5 10. Nxd4 O-O 11. Bxd5 Nxe5 12. Nc3 c6 13. Bb3 Bg4 14. Nde2 Qb6 15. Na4 Qa6 16. f3 Rad8 17. Qe1 b5 18. Nac3 Qb6+ 19. Kh1 c5 20. Ne4 Bh6 21. fxg4 Nxg4 22. Qh4 Ne3 23. Rf6 Qc7 24. Rxh6 gxh6 25. Qxh6 1-0

[Event "DFMMLV 2019"]
[Site "Braunfels"]
[Date "2019.06.21"]
[Round "2.39"]
[White "Weber, Leonora"]
[Black "Neumann, Tina"]
[Result "1-0"]
[ECO "B01"]
[WhiteElo "1712"]
[BlackElo "1525"]
[Annotator "NA RC"]
[PlyCount "98"]
[EventDate "2019.06.20"]
[EventType "team-tourn"]
[EventCountry "GER"]
[SourceTitle "playchess.com"]
[Source "ChessBase"]
[SourceQuality "1"]
[WhiteTeam "Bayern 2"]
[BlackTeam "Thueringen"]
[TimeControl "40/5400+30:1800+30"]

1. e4 d5 2. exd5 Qxd5 3. Nc3 Qa5 4. d4 Nf6 5. Nf3 Bf5 6. Bc4 c6 7. O-O e6 8. Re1 Nbd7 9. Ne5 Nxe5 10. Rxe5 Qc7 11. Qe2 Ng4 12. Bf4 Nxe5 13. Bxe5 Bd6 14. g4 Bxe5 15. dxe5 Bg6 16. h4 h5 17. g5 O-O-O 18. Rd1 Rxd1+ 19. Nxd1 Rd8 20. c3 Qd7 21. Ne3 b5 22. Bb3 Qd2 23. Qf3 Kc7 24. a4 Qxb2 25. Bc2 Bxc2 26. Nxc2 Qxc2 27. Qxf7+ Rd7 28. Qxe6 Rd1+ 29. Kg2 Qe4+ 30. f3 Qe2+ 31. Kg3 Rg1+ 32. Kf4 Qd2+ 33. Kf5 Qd7 34. Qxd7+ Kxd7 35. Kg6 bxa4 36. f4 Ke6 37. Kxg7 a3 38. Kg6 a2 39. f5+ Kxe5 40. f6 a1=Q 41. f7 Qb1+ 42. Kg7 Qb7 43. Kg8 Qxf7+ 44. Kxf7 Kf5 45. c4 a5 46. c5 a4 47. Ke7 Rd1 48. Kf7 Rd7+ 49. Ke8 Ra7 1-0

[Event "DFMMLV 2019"]
[Site "Braunfels"]
[Date "2019.06.21"]
[Round "2.40"]
[White "Meyer, Jessica"]
[Black "Albayrak, Berrak"]
[Result "1-0"]
[ECO "A00"]
[WhiteElo "1344"]
[BlackElo "1491"]
[Annotator "NA RC"]
[PlyCount "63"]
[EventDate "2019.06.20"]
[EventType "team-tourn"]
[EventCountry "GER"]
[SourceTitle "playchess.com"]
[Source "ChessBase"]
[SourceQuality "1"]
[WhiteTeam "Thueringen"]
[BlackTeam "Bayern 2"]
[TimeControl "40/5400+30:1800+30"]

1. a3 Nf6 2. Nf3 d5 3. d4 e6 4. b4 b6 5. e3 c5 6. bxc5 bxc5 7. c4 Nc6 8. cxd5 Nxd5 9. Bb2 Rb8 10. Qc2 Qb6 11. Bc3 Bd7 12. Bd3 Qb3 13. Qxb3 Rxb3 14. Kd2 Nxc3 15. Nxc3 cxd4 16. Nxd4 Nxd4 17. exd4 Bxa3 18. Bc2 Rxc3 19. Kxc3 Bd6 20. Rxa7 Ke7 21. Rb1 Rc8+ 22. Kd3 Rd8 23. Rbb7 Ke8 24. Ba4 Bxa4 25. Rxa4 Bc5 26. Rc4 Bd6 27. Ra4 Bc5 28. Ke4 Bd6 29. Raa7 f5+ 30. Kf3 Bf8 31. Ra6 Bd6 32. Rxg7 1-0

[Event "DFMMLV 2019"]
[Site "Braunfels"]
[Date "2019.06.21"]
[Round "2.41"]
[White "Zschischang, Marine"]
[Black "Froehlich, Franziska"]
[Result "0-1"]
[ECO "D31"]
[WhiteElo "2060"]
[BlackElo "1820"]
[Annotator "NA RC"]
[PlyCount "78"]
[EventDate "2019.06.20"]
[EventType "team-tourn"]
[EventCountry "GER"]
[SourceTitle "playchess.com"]
[Source "ChessBase"]
[SourceQuality "1"]
[WhiteTeam "Niedersachsen Bremen"]
[BlackTeam "Wuerttemberg 2"]
[TimeControl "40/5400+30:1800+30"]

1. d4 d5 2. c4 e6 3. Nc3 c6 4. cxd5 exd5 5. Qc2 g6 6. Nf3 Bf5 7. Qb3 Qb6 8. Bf4 Nd7 9. e3 Ngf6 10. Qxb6 axb6 11. Nd2 Be7 12. f3 O-O 13. g4 Be6 14. Bd3 b5 15. Kf2 b4 16. Ne2 Rfc8 17. Ng3 b6 18. h4 c5 19. h5 c4 20. Bc2 c3 21. bxc3 bxc3 22. Nb1 b5 23. hxg6 fxg6 24. Ne2 b4 25. Nc1 Nb6 26. Nd3 Nc4 27. Bg3 Bd7 28. Bh4 Rcb8 29. Bxf6 Bxf6 30. Nc5 Bc6 31. Nb3 Re8 32. Re1 Bh4+ 33. Kf1 Bxe1 34. Kxe1 Nxe3 35. Bd3 Nc2+ 36. Kd1 Nxa1 37. Nxa1 Rxa2 38. Nc2 Ba4 39. Kc1 Bxc2 0-1

[Event "DFMMLV 2019"]
[Site "Braunfels"]
[Date "2019.06.21"]
[Round "2.42"]
[White "Yi, Wendy"]
[Black "Moenster, Madita"]
[Result "0-1"]
[ECO "B92"]
[WhiteElo "1820"]
[BlackElo "1994"]
[Annotator "NA RC"]
[PlyCount "100"]
[EventDate "2019.06.20"]
[EventType "team-tourn"]
[EventCountry "GER"]
[SourceTitle "playchess.com"]
[Source "ChessBase"]
[SourceQuality "1"]
[WhiteTeam "Wuerttemberg 2"]
[BlackTeam "Niedersachsen Bremen"]
[TimeControl "40/5400+30:1800+30"]

1. e4 c5 2. Nf3 d6 3. d4 cxd4 4. Nxd4 Nf6 5. Nc3 a6 6. Be2 e5 7. Nb3 Be7 8. O-O O-O 9. Be3 Be6 10. Nd2 {[%emt 0:10:00] B92: Sicilian Najdorf: 6 Be2} (10. Qd2 Nbd7 11. a4 Nb6 12. a5 Nc4 13. Bxc4 Bxc4 14. Rfd1 Rc8 15. Bb6 Qe8 16. Nc1 d5 17. exd5 Bb4 18. d6 Qd7 19. Nd3 Bxd6 20. Nxe5 Bxe5 21. Qxd7 Nxd7 22. Rxd7 Bxc3 23. bxc3 {½-½ (30) Salgado Lopez,I (2624)-Cheparinov,I (2711) Germany 2019}) 10... d5 11. exd5 Bxd5 $146 ({Predecessor:} 11... Nxd5 12. Nxd5 Bxd5 13. Nc4 Bxc4 14. Bxc4 Nc6 15. Qg4 Qc7 16. Bb3 Rad8 {½-½ (33) Rocca,J (1613)-Monzon,S (1640) Montevideo 2018}) 12. Nc4 Bxc4 13. Bxc4 Qc7 14. Qe2 Nc6 15. Rad1 Rad8 16. a3 Nd4 17. Bxd4 exd4 18. Na2 Rfe8 19. Bd3 Bd6 20. Qf3 Bxh2+ 21. Kh1 Be5 22. g3 Qb6 23. b3 Nd7 24. Kg2 g6 25. Bc4 Bf6 26. Nb4 Ne5 27. Nd5 Nxf3 28. Nxb6 Ne5 29. Be2 Bg7 30. Nc4 Nd7 31. Rfe1 Nc5 32. b4 Na4 33. Bf3 b5 34. Na5 Nb2 35. Rxe8+ Rxe8 36. Rd2 Nc4 37. Nxc4 bxc4 38. Kf1 Rd8 39. Be2 Rc8 40. Bf3 Rc7 41. Bd5 Kf8 42. Re2 Bh6 43. f4 Bg7 44. a4 f5 45. b5 axb5 46. axb5 d3 47. cxd3 cxd3 48. Rd2 (48. Re1 $17 {was worth a try.} Rc5 {[%mdl 64] Double Attack} 49. Bc6) 48... Rc1+ 49. Kf2 Bd4+ 50. Kf3 Rc2 $19 0-1

[Event "DFMMLV 2019"]
[Site "Braunfels"]
[Date "2019.06.21"]
[Round "2.43"]
[White "Aden, Dagmar"]
[Black "Lederer, Leia"]
[Result "1/2-1/2"]
[ECO "C24"]
[WhiteElo "1855"]
[BlackElo "1728"]
[Annotator "NA RC"]
[PlyCount "72"]
[EventDate "2019.06.20"]
[EventType "team-tourn"]
[EventCountry "GER"]
[SourceTitle "playchess.com"]
[Source "ChessBase"]
[SourceQuality "1"]
[WhiteTeam "Niedersachsen Bremen"]
[BlackTeam "Wuerttemberg 2"]
[TimeControl "40/5400+30:1800+30"]

1. e4 e5 2. Bc4 Nf6 3. d4 Nc6 4. d5 Ne7 5. Nc3 Ng6 6. a3 a6 7. Be3 b5 8. Bd3 Nh4 9. Kf1 Be7 10. g3 Ng6 11. h4 h5 12. Be2 d6 13. Bg5 Ng4 14. Nh3 Bxg5 15. Nxg5 O-O 16. Bxg4 hxg4 17. Qd2 Qf6 18. Ne2 Ne7 19. Kg2 Qg6 20. h5 Qh6 21. Rad1 f5 22. Ne6 Bxe6 23. Qxh6 gxh6 24. dxe6 fxe4 25. Nc3 Rf6 26. Nxe4 Rxe6 27. Rh4 Rf8 28. Rxg4+ Kh7 29. Rd3 d5 30. Nc5 Ref6 31. Rd2 Rd6 32. Re2 e4 33. Nd3 Nf5 34. Nf4 c6 35. c3 Re8 36. Ng6 Ng7 1/2-1/2

[Event "DFMMLV 2019"]
[Site "Braunfels"]
[Date "2019.06.21"]
[Round "2.44"]
[White "Roesler, Hannah Clara Hed"]
[Black "Wollscheid, Stefanie"]
[Result "1-0"]
[ECO "B22"]
[WhiteElo "1638"]
[BlackElo "1705"]
[Annotator "NA RC"]
[PlyCount "89"]
[EventDate "2019.06.20"]
[EventType "team-tourn"]
[EventCountry "GER"]
[SourceTitle "playchess.com"]
[Source "ChessBase"]
[SourceQuality "1"]
[WhiteTeam "Wuerttemberg 2"]
[BlackTeam "Niedersachsen Bremen"]
[TimeControl "40/5400+30:1800+30"]

1. e4 c5 2. c3 d6 3. d4 cxd4 4. cxd4 Nf6 5. Nc3 g6 6. Bf4 Bg7 7. Rc1 a6 8. Be2 O-O 9. Nf3 Bd7 10. O-O Nc6 11. d5 Na7 12. Qb3 b5 13. h3 Re8 14. a3 Nh5 15. Be3 e6 16. Ng5 e5 17. Bxh5 gxh5 18. Ne2 Bf6 19. Nf3 h4 20. Rc2 Kh8 21. Rfc1 Rg8 22. Kh2 Nc8 23. Rc7 Rb8 24. Ne1 Qe8 25. Bh6 Bd8 26. R7c2 Rg6 27. Be3 Qg8 28. Qc3 Nb6 29. f4 Nc4 30. Bf2 Bf6 31. f5 Rg7 32. Qf3 Bc8 33. b3 Nxa3 34. Rc6 Qd8 35. Be3 Bg5 36. Bxg5 Rxg5 37. Qc3 Bb7 38. Rc7 Qe8 39. Qb4 Bxd5 40. exd5 e4 41. Qxd6 b4 42. Rxf7 Kg8 43. Re7 Qf8 44. Qe6+ Kh8 45. Rf7 1-0

[Event "DFMMLV 2019"]
[Site "Braunfels"]
[Date "2019.06.21"]
[Round "2.45"]
[White "Grabowski, Petra"]
[Black "Hoeglauer, Jenny"]
[Result "1-0"]
[ECO "A46"]
[WhiteElo "1626"]
[BlackElo "1703"]
[Annotator "NA RC"]
[PlyCount "53"]
[EventDate "2019.06.20"]
[EventType "team-tourn"]
[EventCountry "GER"]
[SourceTitle "playchess.com"]
[Source "ChessBase"]
[SourceQuality "1"]
[WhiteTeam "Niedersachsen Bremen"]
[BlackTeam "Wuerttemberg 2"]
[TimeControl "40/5400+30:1800+30"]

1. d4 Nf6 2. Nf3 e6 3. e3 b6 4. Bd3 Bb7 5. O-O c5 6. c3 d5 7. Ne5 Nbd7 8. f4 Bd6 9. Nd2 O-O 10. Qf3 cxd4 11. exd4 Ne8 12. Qh3 f5 13. g4 g6 14. Ndf3 Be7 15. gxf5 exf5 16. Qg3 Kh8 17. Qh3 Kg7 18. Qg3 Nef6 19. Ng5 Nh5 20. Ne6+ Kh6 21. Qh3 Qc8 22. Nxf8 Nxe5 23. fxe5+ Kg7 24. Nxh7 Kxh7 25. Bxf5 gxf5 26. Qxh5+ Kg7 27. Bh6+ 1-0

[Event "DFMMLV 2019"]
[Site "Braunfels"]
[Date "2019.06.21"]
[Round "2.46"]
[White "Zell, Mirjam"]
[Black "Wenke, Andrea"]
[Result "1-0"]
[ECO "C62"]
[WhiteElo "1660"]
[BlackElo "1756"]
[Annotator "NA RC"]
[PlyCount "112"]
[EventDate "2019.06.20"]
[EventType "team-tourn"]
[EventCountry "GER"]
[SourceTitle "playchess.com"]
[Source "ChessBase"]
[SourceQuality "1"]
[WhiteTeam "Wuerttemberg 2"]
[BlackTeam "Niedersachsen Bremen"]
[TimeControl "40/5400+30:1800+30"]

1. e4 e5 2. Nf3 Nc6 3. Bb5 d6 4. c3 Bd7 5. Ba4 Be7 6. O-O Nf6 7. Re1 O-O 8. h3 Nh5 9. Nxe5 Nxe5 10. Bxd7 Qxd7 11. Qxh5 Nd3 12. Rf1 Qc6 13. Qf3 Ne5 14. Qe2 Ng6 15. d3 f5 16. Nd2 Nf4 17. Qf3 g5 18. exf5 Qxf3 19. Nxf3 Nxd3 20. Bxg5 Bxg5 21. Nxg5 Rxf5 22. Nf3 Re8 23. b3 Nf4 24. Rfe1 Rxe1+ 25. Rxe1 Kf7 26. Nd4 Rg5 27. g3 Nxh3+ 28. Kh2 Rh5 29. Kg2 Ng5 30. f4 c5 31. Nb5 Ne6 32. Nxd6+ Kf6 33. Nxb7 Rd5 34. Kf3 Rd2 35. Re2 Rd3+ 36. Re3 Rd1 37. Na5 Ra1 38. a4 Ra3 39. Re4 Nc7 40. Rc4 Ne6 41. g4 h6 42. f5 Ng5+ 43. Ke3 Ra1 44. Rxc5 Rg1 45. Rc6+ Ke5 46. Rxh6 Rxg4 47. Nc6+ Kxf5 48. Nxa7 Ne6 49. Nc6 Rg3+ 50. Kd2 Nc5 51. Rh5+ Rg5 52. Rxg5+ Kxg5 53. Kc2 Kf4 54. a5 Ke4 55. b4 Na4 56. Kb3 Kd5 1-0

[Event "DFMMLV 2019"]
[Site "Braunfels"]
[Date "2019.06.21"]
[Round "2.47"]
[White "Luecke, Kristina"]
[Black "Zell, Hannah"]
[Result "1/2-1/2"]
[ECO "C70"]
[WhiteElo "1513"]
[BlackElo "1473"]
[Annotator "NA RC"]
[PlyCount "60"]
[EventDate "2019.06.20"]
[EventType "team-tourn"]
[EventCountry "GER"]
[SourceTitle "playchess.com"]
[Source "ChessBase"]
[SourceQuality "1"]
[WhiteTeam "Niedersachsen Bremen"]
[BlackTeam "Wuerttemberg 2"]
[TimeControl "40/5400+30:1800+30"]

1. e4 e5 2. Nf3 Nc6 3. Bb5 a6 4. Ba4 Bc5 5. O-O b5 6. Bb3 d6 7. h3 Nf6 8. Re1 O-O 9. c3 h6 10. d4 Bb6 11. Bc2 Bb7 12. Be3 Ba7 13. Nbd2 Re8 14. Qe2 exd4 15. Nxd4 Nxd4 16. Bxd4 c5 17. Be3 Nxe4 18. Bxh6 Nf6 19. Be3 c4 20. Nf1 Qd7 21. Qd1 Qc6 22. f3 Bxe3+ 23. Nxe3 Qc5 24. Qd2 Nd5 25. Kf2 Nxe3 26. Rxe3 Rxe3 27. Qxe3 Qxe3+ 28. Kxe3 Re8+ 29. Kf2 Kf8 30. Rd1 Ke7 1/2-1/2

[Event "DFMMLV 2019"]
[Site "Braunfels"]
[Date "2019.06.21"]
[Round "2.48"]
[White "Krotsch, Maxi"]
[Black "Evering, Kira"]
[Result "0-1"]
[ECO "C02"]
[WhiteElo "942"]
[BlackElo "1332"]
[Annotator "NA RC"]
[PlyCount "110"]
[EventDate "2019.06.20"]
[EventType "team-tourn"]
[EventCountry "GER"]
[SourceTitle "playchess.com"]
[Source "ChessBase"]
[SourceQuality "1"]
[WhiteTeam "Wuerttemberg 2"]
[BlackTeam "Niedersachsen Bremen"]
[TimeControl "40/5400+30:1800+30"]

1. e4 e6 2. d4 d5 3. e5 c5 4. c3 Qb6 5. Nf3 Bd7 6. b3 Nc6 7. Be3 cxd4 8. cxd4 Nge7 9. Bd3 Nb4 10. a4 Nxd3+ 11. Qxd3 Nf5 12. O-O Be7 13. Nbd2 O-O 14. Bg5 Bxg5 15. Nxg5 Qxd4 16. Qc2 Qxe5 17. g4 Qf6 18. Ndf3 h6 19. Nh3 Nd4 20. Nxd4 Qxd4 21. Qe2 e5 22. Rad1 Qxg4+ 23. Qxg4 Bxg4 24. Rd3 Be2 25. Rxd5 Bxf1 26. Kxf1 f6 27. Rd7 b6 28. b4 Rfd8 29. Rc7 Rd1+ 30. Kg2 Ra1 31. a5 bxa5 32. b5 Rb1 33. Rc5 a6 34. bxa6 Rxa6 35. Rc8+ Kh7 36. Ng1 a4 37. Nf3 a3 38. Nd2 a2 39. Nxb1 axb1=Q 40. Rc3 Rb6 41. Re3 Rb3 42. Rg3 Rxg3+ 43. hxg3 Qb4 44. Kf3 f5 45. Kg2 Qe4+ 46. Kh3 Qg4+ 47. Kg2 f4 48. Kh2 fxg3+ 49. fxg3 h5 50. Kg2 h4 51. Kh1 Qe2 52. gxh4 Kh6 53. Kg1 Kh5 54. Kh1 Kxh4 55. Kg1 Kg3 0-1

[Event "DFMMLV 2019"]
[Site "Braunfels"]
[Date "2019.06.21"]
[Round "2.49"]
[White "Krasnopeyeva, Julia"]
[Black "Brandt, Carina"]
[Result "1-0"]
[ECO "C19"]
[WhiteElo "1922"]
[BlackElo "2085"]
[Annotator "NA RC"]
[PlyCount "89"]
[EventDate "2019.06.20"]
[EventType "team-tourn"]
[EventCountry "GER"]
[SourceTitle "playchess.com"]
[Source "ChessBase"]
[SourceQuality "1"]
[WhiteTeam "Rheinland Pfalz"]
[BlackTeam "Hamburg"]
[TimeControl "40/5400+30:1800+30"]

1. e4 e6 2. d4 d5 3. Nc3 Bb4 4. e5 c5 5. a3 Bxc3+ 6. bxc3 Ne7 7. Nf3 Qa5 8. Bd2 Qa4 9. Qb1 c4 10. Be2 Nbc6 11. h4 Bd7 12. h5 h6 13. O-O O-O-O 14. Bf4 Rdg8 15. Re1 Kb8 16. Nh2 Ka8 17. Bg4 Bc8 18. Nf1 Qa5 19. Qb2 Qc7 20. Bh2 Qd8 21. Ne3 f5 22. exf6 gxf6 23. Rab1 b6 24. Bf3 Qf8 25. Qb5 Bb7 26. Qa4 Na5 27. Qd7 e5 28. Nxd5 Nxd5 29. Bxd5 Rg7 30. Bxb7+ Nxb7 31. Qd5 exd4 32. cxd4 Rhg8 33. Bg3 f5 34. Re3 Rg5 35. Rf3 Qc8 36. Rf4 Rd8 37. Qf3 Rdg8 38. Rb5 Re8 39. Rbxf5 Rxf5 40. Rxf5 Qe6 41. Rf7 Re7 42. Rf6 Qe1+ 43. Kh2 a5 44. Rxb6 Ka7 45. Qc6 1-0

[Event "DFMMLV 2019"]
[Site "Braunfels"]
[Date "2019.06.21"]
[Round "2.50"]
[White "Wulf, Constanze"]
[Black "Braje, Monika"]
[Result "0-1"]
[ECO "B01"]
[WhiteElo "1711"]
[BlackElo "1781"]
[Annotator "NA RC"]
[PlyCount "128"]
[EventDate "2019.06.20"]
[EventType "team-tourn"]
[EventCountry "GER"]
[SourceTitle "playchess.com"]
[Source "ChessBase"]
[SourceQuality "1"]
[WhiteTeam "Hamburg"]
[BlackTeam "Rheinland Pfalz"]
[TimeControl "40/5400+30:1800+30"]

1. e4 d5 2. d3 dxe4 3. dxe4 Qxd1+ 4. Kxd1 Nf6 5. f3 Nc6 6. c3 Bd7 7. Be3 O-O-O 8. Nd2 a6 9. Kc2 Ne5 10. Ne2 Ba4+ 11. b3 Bc6 12. Nd4 Be8 13. g4 h6 14. h4 Kb8 15. Nc4 Ned7 16. Bf4 e6 17. b4 b5 18. Nc6+ Kc8 19. Ne3 Nb6 20. Nxd8 Kxd8 21. Rd1+ Kc8 22. Be2 Nfd7 23. a3 Nb8 24. Rd2 Be7 25. c4 bxc4 26. Nxc4 Ba4+ 27. Kb2 Bf6+ 28. Kb1 N6d7 29. Rc1 Kd8 30. Na5 e5 31. Be3 Bxh4 32. Nb7+ Ke7 33. Bd1 Bxd1 34. Rdxd1 c6 35. Rc2 Bg5 36. Bf2 h5 37. Rh1 h4 38. Nc5 Nf8 39. Nd3 Ng6 40. Rc5 f6 41. Ne1 Rd8 42. Ng2 Rh8 43. Rc2 h3 44. Ne3 Bf4 45. Nf5+ Kf7 46. Be3 Bxe3 47. Nxe3 Nf4 48. Nd1 Rd8 49. Nf2 Rh8 50. Rh2 Ke7 51. Rc1 Ne2 52. Rch1 Rd8 53. Rxh3 Rd2 54. Nd1 Rd3 55. Kb2 Nd4 56. Nc3 Rd2+ 57. Kb1 Nd7 58. Rd1 Rf2 59. Rd3 Nb6 60. Rg3 Nc4 61. a4 Rb2+ 62. Kc1 Rc2+ 63. Kb1 Na3+ 64. Ka1 Nb3# 0-1

[Event "DFMMLV 2019"]
[Site "Braunfels"]
[Date "2019.06.21"]
[Round "2.52"]
[White "Neumann, Ramona"]
[Black "Kalina, Lena"]
[Result "0-1"]
[ECO "B34"]
[WhiteElo "1709"]
[BlackElo "1687"]
[Annotator "NA RC"]
[PlyCount "56"]
[EventDate "2019.06.20"]
[EventType "team-tourn"]
[EventCountry "GER"]
[SourceTitle "playchess.com"]
[Source "ChessBase"]
[SourceQuality "1"]
[WhiteTeam "Hamburg"]
[BlackTeam "Rheinland Pfalz"]
[TimeControl "40/5400+30:1800+30"]

1. e4 c5 2. Nf3 Nc6 3. d4 cxd4 4. Nxd4 g6 5. Nc3 Bg7 6. Be3 Nf6 7. f3 O-O 8. Qd2 d5 9. exd5 Nb4 10. Be2 Nfxd5 11. Nxd5 Nxd5 12. Bf2 e5 13. Nb3 Nf4 14. Bf1 b6 15. g3 Ne6 16. Be2 Bb7 17. O-O e4 18. fxe4 Bxb2 19. Rab1 Qxd2 20. Nxd2 Bc3 21. Rbd1 Rad8 22. Nb1 Bg7 23. Bd3 Ng5 24. Nd2 f5 25. Rfe1 fxe4 26. Bc4+ Kh8 27. Be3 Rxd2 28. Bxg5 Bd4+ 0-1

[Event "DFMMLV 2019"]
[Site "Braunfels"]
[Date "2019.06.21"]
[Round "2.53"]
[White "Marx, Christina"]
[Black "Hoefner, Nina"]
[Result "0-1"]
[ECO "B70"]
[WhiteElo "1605"]
[BlackElo "1557"]
[Annotator "NA RC"]
[PlyCount "72"]
[EventDate "2019.06.20"]
[EventType "team-tourn"]
[EventCountry "GER"]
[SourceTitle "playchess.com"]
[Source "ChessBase"]
[SourceQuality "1"]
[WhiteTeam "Rheinland Pfalz"]
[BlackTeam "Hamburg"]
[TimeControl "40/5400+30:1800+30"]

1. e4 c5 2. Nf3 d6 3. d4 cxd4 4. Nxd4 Nf6 5. Nc3 g6 6. Bg5 Bg7 7. Qd2 O-O 8. O-O-O Nc6 9. f4 Nxe4 10. Nxc6 bxc6 11. Nxe4 Rb8 12. b3 d5 13. Nc5 Qb6 14. Qe3 e6 15. c3 f6 16. Bh4 e5 17. fxe5 fxe5 18. Bg3 Re8 19. b4 Bf5 20. Bd3 Rbd8 21. Rhf1 Bxd3 22. Nxd3 Rb8 23. Nc5 a5 24. a3 axb4 25. Rde1 Ra8 26. axb4 Rad8 27. Rd1 d4 28. Qe4 dxc3 29. Qc4+ Kh8 30. Ne6 Rxe6 31. Qe2 c2 32. Kxc2 Rd7 33. Rb1 e4 34. Qxe4 Bb2 35. Rxb2 Rd2+ 36. Kc3 Rd3+ 0-1

[Event "DFMMLV 2019"]
[Site "Braunfels"]
[Date "2019.06.21"]
[Round "2.54"]
[White "Harder, Daniella"]
[Black "Perovic-Ottstadt, Sanja"]
[Result "1-0"]
[ECO "A40"]
[WhiteElo "1630"]
[BlackElo "1593"]
[Annotator "NA RC"]
[PlyCount "99"]
[EventDate "2019.06.20"]
[EventType "team-tourn"]
[EventCountry "GER"]
[SourceTitle "playchess.com"]
[Source "ChessBase"]
[SourceQuality "1"]
[WhiteTeam "Hamburg"]
[BlackTeam "Rheinland Pfalz"]
[TimeControl "40/5400+30:1800+30"]

1. d4 e6 2. Nf3 d5 3. g3 Nf6 4. Bg2 Be7 5. O-O O-O 6. Ne5 Nbd7 7. Nd3 b6 8. Nd2 Bb7 9. Nf3 Rc8 10. c3 c5 11. Qa4 a6 12. Nfe5 b5 13. Qd1 cxd4 14. cxd4 Re8 15. Nxd7 Nxd7 16. b4 a5 17. Nc5 Ba8 18. Nxd7 Qxd7 19. bxa5 Rc4 20. e3 Rec8 21. Bd2 Ba3 22. Qb3 b4 23. Bf3 Qb7 24. Rfb1 Rb8 25. Qd1 Qa7 26. Be2 Rcc8 27. a6 Bc6 28. Bc1 Rb6 29. Bxa3 bxa3 30. Rxb6 Qxb6 31. Rb1 Qa5 32. Qb3 g6 33. Qb4 Qxb4 34. Rxb4 Ra8 35. Rb6 Bd7 36. Rb3 Bc8 37. Rxa3 Kf8 38. Kf1 Ke7 39. Ke1 Kd8 40. Kd2 Kc7 41. Rc3+ Kb6 42. Rb3+ Ka5 43. Kc3 Bxa6 44. Ra3+ Kb6 45. Rxa6+ Rxa6 46. Bxa6 Kxa6 47. Kb4 Kb6 48. a3 Ka6 49. Kc5 Ka5 50. Kd6 1-0